 Dungeon Crawl Stone Soup version 0.23.2-33-g5129a83184 (webtiles) character file.

Game seed: 16107081623686206888

14 Cartwheel the Conjurer (level 2, -2/19 HPs)
             Began as a Human Conjurer on Feb 10, 2019.
             Slain by a kobold (3 damage)
             ... on level 1 of the Dungeon on Aug 8, 2019.
             The game lasted 00:12:03 (548 turns).

Cartwheel the Conjurer (Human Conjurer)              Turns: 548, Time: 00:12:03

Health: -2/19      AC:  2    Str:  8    XL:     2   Next: 60%
Magic:  2/5        EV: 12    Int: 15    God:
Gold:   51         SH:  0    Dex: 13    Spells: 2/5 levels left

rFire    . . .     SeeInvis .   b - +0 spear (curse)
rCold    . . .     Gourm    .   (no shield)
rNeg     . . .     Faith    .   a - +0 robe
rPois    .         Spirit   .   (no helmet)
rElec    .         Reflect  .   (no cloak)
rCorr    .         Harm     .   (no gloves)
MR       .....                  (no boots)
Stlth    ++........             (no amulet)
HPRegen  0.06/turn              (no ring)
MPRegen  0.09/turn              (no ring)

@: no status effects
A: no striking features
a: no special abilities


You were on level 1 of the Dungeon.
You were not hungry.

You visited 1 branch of the dungeon, and saw 1 of its levels.

You collected 51 gold pieces.

Inventory:

Hand Weapons
 b - a cursed +0 spear (weapon)
 f - a +0 short sword
 l - a +0 dagger
Armour
 a - a +0 robe (worn)
Jewellery
 d - an uncursed amulet of faith {unknown}
 i - a +3 ring of strength {unknown}
Scrolls
 g - a scroll of remove curse {unknown}
 j - a scroll of teleportation {unknown}
 m - a scroll of immolation {unknown}
 n - a scroll of magic mapping {unknown}
Potions
 e - a potion of flight {unknown}
 h - a potion of berserk rage {unknown}
 k - 2 potions of agility {unknown}
Comestibles
 c - 4 rations


   Skills:
 + Level 2.0 Dodging
 + Level 2.0 Stealth
 + Level 2.2 Spellcasting
 + Level 4.4 Conjurations


You had 2 spell levels left.
You knew the following spells:

 Your Spells              Type           Power        Failure   Level  Hunger
a - Magic Dart            Conj           ###.         3%          1    #......
b - Searing Ray           Conj           ###...       5%          2    ###....

Your spell library contained the following spells:

 Spells                   Type           Power        Failure   Level  Hunger
 Dazzling Spray           Conj/Hex       #.....       26%         3    ###....
 Iskenderun's Mystic Bla  Conj           ###.....     34%         4    #####..
 Force Lance              Conj/Tloc      #.......     65%         4    #####..
 Fulminant Prism          Conj/Hex       #.........   65%         4    #####..


Dungeon Overview and Level Annotations

Branches:
Dungeon (1/15)

Altars:


Message History

You barely miss the kobold.
The kobold is moderately wounded.
The kobold hits you.
* * * LOW HITPOINT WARNING * * *
You barely miss the kobold.
The kobold is moderately wounded.
The kobold misses you. The kobold barely misses you.
A dart slug comes into view.
Found a helmet.
You see here a kobold corpse.
You barely miss the kobold.
The kobold is moderately wounded.
The kobold barely misses you. The kobold hits you.
* * * LOW HITPOINT WARNING * * *
You miss the kobold.
The kobold is moderately wounded.
The kobold hits you.
You die...

...[... ..... .......
...... .....%. ......
.......##...... #
........#...... ####
........?...# ##...
......w.....# ##....
#†....### ##....#
#@K.....# #....##
######....#.# ##...##.
.............# #....#..
.########.#### #...##..
######.######...#...
.......>.....#...#...
#################.#...#...
#...........# #.#...##..
#...........# #.#....#..


You could see a dart slug and a kobold.

Vanquished Creatures
  A leopard gecko (D:1)
  4 hobgoblins (D:1)
  A ball python (D:1)
  2 bats (D:1)
  3 kobolds (D:1)
  2 rats (D:1)
13 creatures vanquished.

Notes
Turn   | Place    | Note
-------+----------+-------------------------------------------
     0 | D:1      | Cartwheel the Human Conjurer began the quest for the Orb.
     0 | D:1      | Reached XP level 1. HP: 13/13 MP: 3/3
   192 | D:1      | Upgraded the game from 0.23.0 to 0.23.1
   196 | D:1      | Reached XP level 2. HP: 10/19 MP: 0/5
   223 | D:1      | Upgraded the game from 0.23.1 to 0.23.1-44-gbd83930989
   351 | D:1      | Learned a level 2 spell: Searing Ray
   470 | D:1      | Upgraded the game from 0.23.1-44-gbd83930989 to
                  | 0.23.2-30-g0e89c35649
   502 | D:1      | Upgraded the game from 0.23.2-30-g0e89c35649 to
                  | 0.23.2-33-g5129a83184
   548 | D:1      | Slain by a kobold

Action                   || total
-------------------------++-------
Melee: Spear             ||    35
 Cast: Magic Dart        ||    19
       Searing Ray       ||     1
Armor: Robe              ||    13
Dodge: Dodged            ||    41
